AoeStats
← mmpkitos

MegaRandom

509589499Analyzed
2v2 RM · 4d ago on Sep 27, 2026· 60m 58s· 4 players
Game mode
Random Map
Map size
Medium (4 player)
Population
200
Speed
Normal
Resources
Standard
Victory
Conquest
Starting age
Dark Age
Ending age
Imperial Age
RankedLock teamsTeams togetherTeam positionsShared explorationLock speedFull tech treeHidden civsTurbo modeCheats
Victory
Defeat
🇪🇸 Britons · Spain
823
+14
🇪🇸 Bohemians · Spain
805
+14
🇬🇧 Italians · United Kingdom
779
-14
🇨🇿 Persians · Czechia
775
-14
starekchess
6:49 Loom
10:09 Feudal Age
11:39 Double-Bit Axe
14:06 Scale Barding Armor
14:21 Scale Mail Armor
22:36 Castle Age
20:25 Horse Collar
21:56 Forging
23:01 Pikeman
24:04 Chain Barding Armor
23:50 Heavy Plow
25:56 Squires
27:35 Iron Casting
29:24 Bow Saw
37:20 Imperial Age
35:02 Elite Skirmisher
36:52 Fletching
37:02 Padded Archer Armor
37:39 Cavalier
38:19 Husbandry
40:38 Blast Furnace
44:52 Crop Rotation
45:17 Heavy Scorpion
46:57 Chain Mail Armor
46:58 Leather Archer Armor
47:11 Ballistics
50:31 Plate Mail Armor
McFish
0:42 Loom
12:50 Feudal Age
14:02 Double-Bit Axe
14:13 Gold Mining
15:23 Arson
16:17 Wheelbarrow
15:32 Town Watch
15:55 Horse Collar
22:04 Castle Age
20:46 Forging
20:37 Scale Mail Armor
20:28 Fletching
21:05 Padded Archer Armor
23:18 Squires
23:28 Pikeman
45:52 Imperial Age
50:17 Elite Skirmisher
CES
1:20 Loom
14:50 Feudal Age
15:20 Double-Bit Axe
21:56 Castle Age
23:55 Wheelbarrow
23:44 Pikeman
30:36 Horse Collar
mmpkitos
2:39 Loom
9:24 Feudal Age
10:17 Double-Bit Axe
12:21 Gold Mining
16:40 Castle Age
17:49 Pikeman
19:51 Crossbowman
20:53 Fletching
21:03 Padded Archer Armor
21:21 Bow Saw
22:28 Gold Shaft Mining
23:30 Wheelbarrow
26:38 Bodkin Arrow
35:24 Hand Cart
38:32 Imperial Age
36:11 Stone Mining
37:41 Ballistics
37:03 Treadmill Crane
37:48 Horse Collar
39:12 Leather Archer Armor
39:08 Forging
38:58 Scale Mail Armor
39:03 Scale Barding Armor
39:29 Elite Longbowman
41:22 Bracer
41:52 Ring Archer Armor
45:50 Yeomen
45:53 Capped Ram
58:36 Light Cavalry
59:17 Husbandry
58:59 Onager
59:22 Cavalier
61:30 Two-Man Saw
60:40 Siege Engineers
61:36 Chemistry
60:33 Murder Holes
61:16 Iron Casting
60:56 Chain Mail Armor
61:01 Chain Barding Armor
Connection lost

Rejoining the realm…

Still unreachable

The connection could not be restored.

Session expired

The server has moved on; the page needs a fresh start.